 Dungeon Crawl Stone Soup version 0.32-a0-450-g080537f31e (webtiles) character file.

Game seed: 12843009111268739209

35 Aldia the Chopper (level 3, -1/23 (31) HPs)
             Began as a Mountain Dwarf Reaver on Feb 24, 2024.
             Slain by Terence
             ... wielding a +0 hand axe
              (4 damage)
             ... on level 1 of the Dungeon.
             The game lasted 00:01:36 (382 turns).

Aldia the Chopper (Mountain Dwarf Reaver)            Turns: 382, Time: 00:01:36

HP:   -1/23 (31)    AC:  4    Str: 16    XL:     3   Next: 17%
MP:   5/5           EV: 11    Int: 13    God:
Gold: 34            SH:  0    Dex:  8    Spells: 4/5 levels left

rFire   . . .        a - +0 hand axe
rCold   . . .        (no shield)
rNeg    . . .        b - +0 leather armour
rPois   .            (no helmet)
rElec   .            (no cloak)
rCorr   .            c - +0 pair of gloves
SInv    .            (no boots)
Will    .....        (no amulet)
Stlth   +            (no ring)
HPRegen 0.23/turn    (no ring)
MPRegen 0.09/turn

%: no passive effects
@: lethally poisoned (-1 -> -6), very heavily drained
A: runic magic, artefact enchanting
a: no special abilities


You were on level 1 of the Dungeon.
You visited 1 branch of the dungeon, and saw 2 of its levels.

You collected 34 gold pieces.

Inventory:

Hand Weapons
 a - a +0 hand axe (weapon)
Armour
 b - a +0 leather armour (worn)
 c - a +0 pair of gloves (worn)
Scrolls
 d - a scroll of identify {unknown}
 e - a scroll of noise {unknown}
 h - a scroll of blinking {unknown}
Potions
 g - a potion of might {unknown}
 i - a potion of attraction {unknown}


   Skills:
 + Level 3.4 Fighting
 - Level 4.0 Axes
 - Level 1.3 Dodging
 * Level 1.8 Spellcasting
 - Level 3.0 Conjurations
 + Level 0.0 Necromancy


You had 4 spell levels left.
You knew the following spells:

 Your Spells              Type           Power      Damage    Failure   Level
a - Kiss of Death         Conj/Necr      20%        2d7       14%         1

Your spell library contained the following spells:

 Spells                   Type           Power      Damage    Failure   Level
 Momentum Strike          Conj/Tloc      10%        3d8       22%         2
 Hailstorm                Conj/Ice       5%         3d5       41%         3
 Volatile Blastmotes      Fire/Tloc      2%         2d10      63%         3
 Fulminant Prism          Conj/Alch      2%         3d5       82%         4
 Iskenderun's Mystic Bla  Conj/Tloc      5%         2d3       82%         4
 Summon Blazeheart Golem  Fire/Summ      1%         N/A       95%         4
 Orb of Destruction       Conj           4%         9d5       100%        7
 Spellforged Servitor     Conj/Summ      2%         N/A       100%        7


Dungeon Overview and Level Annotations

Branches:
Dungeon (2/15)

Altars:

Annotations:
D:1 Terence


Innate Abilities, Weirdness & Mutations

Your spellcasting is much less encumbered by armour.
You can use scrolls of enchantment on lesser artefacts.


Message History

Terence is severely wounded.
You hit the adder.
You feel sick.
You are no longer poisoned.
The adder bites you but does no damage. The adder barely misses you.
Terence completely misses you.
Unknown command.
You hit Terence.
Terence is almost dead.
You closely miss the adder. The adder bites you but does no damage.
Terence barely misses you.
You closely miss Terence.
Terence is almost dead.
You barely miss the adder. The adder bites you.
* * * LOW HITPOINT WARNING * * *
Terence barely misses you. The adder closely misses you.
Unknown command.
You barely miss Terence.
Terence is almost dead.
You miss the adder. The adder bites you but does no damage.
Terence barely misses you.
Unknown command.
You closely miss Terence.
Terence is almost dead.
You hit the adder but do no damage. The adder bites you but does no damage.
Terence closely misses you.
Unknown command.
You hit Terence but do no damage.
Terence is almost dead.
You closely miss the adder. The adder bites you but does no damage.
Terence closely misses you. The adder bites you.
* * * LOW HITPOINT WARNING * * *
You are lethally poisoned!
The adder poisons you!
Unknown command.
It was a potion of magic.
Magic courses through your body.
* * * LOW HITPOINT WARNING * * *
You feel sick. The adder closely misses you.
Terence hits you with a +0 hand axe.
You die...
Terence says, "That felt goooood."

#....)........#
#...##....######
##...#..#...###
#.####..#.......
#...##...รท..####..#
#.###......
#...###..).......# #.#
#...... #....#
###...##### #.# #......
#..... #......## #.#
####...
#.....#...#.....## #.#
#...
#####.....#....S.######.#
####...
#.....###..@@##.....#
#......
...#...###.......##.#
#......
#####...............#
#...... .....#....####.#
####... ........### #.#
#... ..###.#..# #.#
####... ...##....######.#
#...... #.....#.....##.#
#...... #...###.##....#
#......


You could see Terence (very drained) and an adder.

Vanquished Creatures
  A gnoll (D:1)
  2 dart slugs (D:1)
  2 endoplasms (D:1)
  A giant cockroach (D:1)
  2 goblins (D:1)
  A hobgoblin (D:1)
  3 kobolds (D:1)
  2 quokkas (D:1)
  3 ball pythons (D:1)
  2 bats (D:1)
  3 frilled lizards (D:1)
22 creatures vanquished.

Notes
Turn   | Place    | Note
-------+----------+-------------------------------------------
     0 | D:1      | Aldia the Mountain Dwarf Reaver began the quest for the
                  | Orb.
     0 | D:1      | Reached XP level 1. HP: 17/17 MP: 3/3
    96 | D:1      | Reached skill level 4 in Axes
    96 | D:1      | Reached XP level 2. HP: 17/25 MP: 4/4
   152 | D:1      | Reached XP level 3. HP: 7/28 MP: 3/5
   352 | D:1      | You fall into a shaft and drop 1 floor!
   354 | D:2      | Noticed Terence
   382 | D:1      | Slain by Terence

Illustrated notes

Levels and vault maps discovered:
D:1:      minmay_arrival_hallway, layout_rooms
D:2:      layout_basic, serial_shops, shop,
          dreamdust_ecumenical_altar_hidden_monk_grotto, minmay_ruptured,
          uniq_natasha, uniq_jessica, uniq_terence, uniq_crazy_yiuf_cottage

Skill      XL: |  1  2 |
---------------+-------+-----
Axes           | 4 |  4.0
Conjurations   | 3 |  3.0
Fighting       | 3 |  3.4
Dodging        | |  1.3
Spellcasting   | |  1.8

Action                     || total
---------------------------++-------
  Melee: Hand axe          ||    73
   Cast: Kiss of Death     ||     2
    Use: Potion            ||     1
 Armour: Leather armour    ||    64
  Dodge: Dodged            ||    67

Table legend: (Time is in decaauts)
 A = Elapsed time spent in this place.
 B = Non-inter-level travel time spent in this place.
 C = Inter-level travel time spent in this place.
 D = Time resting spent in this place.
 E = Time spent auto-exploring this place.
 F = Levels seen in this place.
 G = Mean time per level.
                   A        B        C        D        E       F      G
               +--------+--------+--------+--------+--------+-----+--------+
         Total |    390 |    390 |      0 |      4 |    205 |   2 |  195.0 |
       Dungeon |    390 |    390 |      0 |      4 |    205 |   2 |  195.0 |
               +--------+--------+--------+--------+--------+-----+--------+

Top non-repeatable levels by time:
     D:1: 379 daAuts
     D:2: 11 daAuts
